 Dungeon Crawl Stone Soup version 0.18.1-5-g4a78601 (webtiles) character file.

62511 shmeve the Peltast (level 14, -1/135 HPs)
             Began as a Minotaur Berserker on May 11, 2016.
             Was the Champion of Trog.
             Slain by a 12-headed hydra (3 damage)
             ... on level 8 of the Lair of Beasts on May 12, 2016.
             The game lasted 00:47:30 (16145 turns).

shmeve the Peltast (Minotaur Berserker)            Turns: 16145, Time: 00:47:30

Health: -1/135     AC: 29    Str: 25    XL:     14   Next: 64%
Magic:  23/23      EV:  2    Int: 10    God:    Trog [******]
Gold:   974        SH:  0    Dex: 17    Spells: 0 memorised, 13 levels left

rFire  + . .     SeeInvis .     K - +8 hand axe of Hexoru Gaarr {vamp, *Confuse rElec rF+}
rCold  . . .     Gourm    .     u - +0 crystal plate armour
rNeg   + + +     Faith    .     m - +0 shield
rPois  ∞         Spirit   .     R - +3 hat of Pondering {ponderous, MR+ MP+10 Int+5}
rElec  +         Dismiss  .     D - +0 cloak
rCorr  .         Reflect  .     P - +1 pair of gloves
SustAt .         Harm     .     Q - +0 pair of boots
MR     ++++.                    b - amulet of regeneration
Stlth  ..........               w - ring of poison resistance
                                e - +6 ring of dexterity

@: exhausted, petrified, regenerating, slowed, slow, incredibly resistant to
hostile enchantments, extremely unstealthy
A: retaliatory headbutt, horns 2
a: Berserk, Trog's Hand, Brothers in Arms, Burn Spellbooks, Renounce Religion


You were on level 8 of the Lair of Beasts.
You worshipped Trog.
Trog was exalted by your worship.
You were very hungry.

You visited 2 branches of the dungeon, and saw 19 of its levels.
You also visited: Labyrinth and Bailey.

You collected 1117 gold pieces.
You spent 143 gold pieces at shops.

Inventory:

Hand Weapons
 K - the +8 hand axe of Hexoru Gaarr (weapon) {vamp, *Confuse rElec rF+}
   (Trog gifted it to you on level 4 of the Lair of Beasts)

   It inflicts no extra harm, but heals its wielder somewhat when it strikes a
   living foe.
   It protects you from fire.
   It insulates you from electricity.
   It may confuse you when you take damage.
 W - the +9 broad axe of a sewer {chop, *Noise MR- Dex+8 SInv}
   (You found it in a labyrinth)

   It inflicts extra damage upon your enemies.
   It affects your dexterity (+8).
   It affects your resistance to hostile enchantments.
   It lets you see invisible.
   It may make noises in combat.
Armour
 m - a +0 shield (worn)
 u - a +0 crystal plate armour (worn)
 D - a +0 cloak (worn)
 P - a +1 pair of gloves (worn)
 Q - a +0 pair of boots (worn)
 R - the +3 hat of Pondering (worn) {ponderous, MR+ MP+10 Int+5}
   (You took it off Gastronok on level 9 of the Dungeon)

   It affects your intelligence (+5).
   It affects your resistance to hostile enchantments.
   It affects your magic capacity (+10).
Jewellery
 b - an amulet of regeneration (around neck)
 e - a +6 ring of dexterity (left hand)
 p - an uncursed ring of protection from fire
 w - a ring of poison resistance (right hand)
 E - a +4 ring of strength
 G - an uncursed ring of protection from cold
 S - an uncursed amulet of faith
 T - an uncursed ring of see invisible
 Y - an uncursed ring of protection from magic
 Z - an uncursed ring of sustain attributes
Wands
 q - a wand of digging (6/24)
 J - a wand of digging (17/24)
Scrolls
 a - 5 scrolls of fear
 d - 7 scrolls of recharging
 g - 14 scrolls of remove curse
 j - 3 scrolls of noise
 k - 4 scrolls of identify
 l - 5 scrolls of immolation
 v - a scroll of enchant weapon
 x - 2 scrolls of amnesia
 y - 3 scrolls of magic mapping
 z - 5 scrolls of teleportation
 I - a scroll of blinking
 O - 4 scrolls of vulnerability
 U - a scroll of fog
Potions
 h - a potion of might
 i - a potion of invisibility {unknown}
 n - 3 potions of berserk rage
 o - 9 potions of curing
 r - 3 potions of brilliance {unknown}
 s - 4 potions of agility {unknown}
 t - 3 potions of lignification {unknown}
 A - 2 potions of mutation {unknown}
 C - a potion of ambrosia {unknown}
 F - 7 potions of magic {unknown}
 H - 3 potions of flight {unknown}
 L - a potion of cancellation {unknown}
 M - 2 potions of resistance {unknown}
 N - 4 potions of haste {unknown}
 V - 3 potions of beneficial mutation {unknown}
Comestibles
 c - 12 bread rations
 f - 3 meat rations
 B - 19 beef jerkies
 X - 4 chunks of flesh


   Skills:
 * Level 15.3 Fighting
 * Level 15.4 Axes
 + Level 11.2 Armour
 + Level 10.1 Dodging
 * Level 15.5 Shields


You had 13 spell levels left.
You didn't know any spells.

Dungeon Overview and Level Annotations

Branches:
Dungeon (11/15)            Temple (0/1) D:4            Lair (8/8) D:11
 Shoals (0/4) Lair:6       Spider (0/4) Lair:5        Slime (0/6) Lair:6
    Orc (0/2) D:10

Altars:
Ashenzari
Cheibriados
Dithmenos
Fedhas
Gozag
Kikubaaqudgha
Makhleb
Okawaru
Pakellas
Qazlal
Ru
Sif Muna
Trog
Vehumet
Yredelemnul

Shops:
D:7 !   D:8 *

Annotations:
Lair:6 exclusion: 2 oklob plants


Innate Abilities, Weirdness & Mutations

You reflexively headbutt those who attack you in melee.
You have a pair of horns on your head.


Message History

* * * LOW HITPOINT WARNING * * *
The 12-headed hydra bites you but does no damage.
The 12-headed hydra bites you.
* * * LOW HITPOINT WARNING * * *
The 12-headed hydra bites you but does no damage. x2
The death yak gores you but does no damage.
The death yak gores you.
* * * LOW HITPOINT WARNING * * *
The catoblepas barely misses you.
The death yak gores you but does no damage.
The 12-headed hydra bites you but does no damage.
The 12-headed hydra bites you!
* * * LOW HITPOINT WARNING * * *
The 12-headed hydra barely misses you.
The 12-headed hydra bites you but does no damage.
The 12-headed hydra barely misses you. The 12-headed hydra bites you!
* * * LOW HITPOINT WARNING * * *
The 12-headed hydra bites you but does no damage. x5
The 12-headed hydra bites you.
You die...

## #.###
##..P########
#.P.........###
#P....##......##
##...÷.##.....P######
#.#YY..###....P##..#
#. #@D....###...###..
#. #YY...÷..#P...##..
#. .T..#..8.##.÷..##.
# #....##....#.....#.
#...#. #.8.#P†.P.#.
#÷...## ...#....P#.
#.÷.. ÷.##....#.
##.8.. #†..##.
#...#..


You could see 3 death yaks, a catoblepas, a 12-headed hydra and a deep troll
shaman.

Vanquished Creatures
  Gastronok (D:9)
  Maud (D:10)
  A minotaur (Lab)
  Josephine (Lair:6)
  Harold (D:11)
  8 hydras
  A catoblepas (Lair:8)
  Erica (D:11)
  17 death yaks
  The ghost of woodrow the Destroyer, a journeyman GrWz of Vehumet (D:10)
  The ghost of RighteousDevil the Insei, a novice DsMo of Makhleb (Bailey)
  Urug (Lair:1)
  Nergalle (D:10)
  A hill giant (D:11)
  An ugly thing (D:9)
  A griffon (Lair:7)
  An orc knight (D:11)
  A cyclops (D:9)
  22 elephants
  A siren (Lair:6)
  Joseph (Lair:1)
  5 black mambas
  5 spiny frogs
  6 rime drakes
  A torpor snail (Lair:3)
  6 komodo dragons
  Grinder (D:3)
  A polar bear (Lair:5)
  A two-headed ogre (D:11)
  14 blink frogs
  The ghost of fish the Magician, an amateur MfSu (D:5)
  37 yaks
  A vampire (D:9)
  4 wraiths
  2 basilisks
  9 hippogriffs
  A hungry ghost (D:10)
  Menkaure (D:6)
  10 water moccasins
  8 porcupines
  3 orc warriors
  An ice beast (D:8)
  An eye of draining (D:11)
  A swamp drake (D:10)
  An ogre (D:7)
  A phantom (D:4)
  5 black bears
  10 wolves
  3 centaurs
  16 crocodiles
  A big kobold (D:9)
  Blork the orc (D:11)
  12 giant frogs
  A water moccasin zombie (D:10)
  5 scorpions
  A wyvern skeleton (D:6)
  10 killer bees
  A wight (D:9)
  A howler monkey (D:6)
  2 electric eels (Lair:5)
  4 lava snakes (Lab)
  A centaur zombie (D:9)
  4 crimson imps
  A giant frog zombie (D:10)
  A hound (D:9)
  Crazy Yiuf (D:5)
  2 jellies
  4 orc priests
  5 giant frog skeletons
  Jessica (D:3)
  10 iguanas
  Natasha (thrice) (D:3)
  10 orc wizards
  7 worker ants
  A hell rat (Lair:4)
  23 sheep
  A worker ant zombie (D:9)
  25 gnolls
  12 adders
  87 river rats
  2 shadow imps
  12 white imps (Lair:6)
  An ooze (D:1)
  An adder zombie (D:8)
  An adder skeleton (D:4)
  3 worms
  7 giant geckos
  23 orcs
  6 bats
  4 giant cockroaches
  12 goblins
  18 hobgoblins
  6 jackals
  21 kobolds
  5 quokkas
  A ball python (D:1)
  9 giant newts (D:1)
  A quokka skeleton (D:6)
  A quokka zombie (D:6)
  20 rats
  4 fungi
  3 plants
620 creatures vanquished.

Vanquished Creatures (collateral kills)
  A water moccasin (Lair:2)
  2 orc warriors (D:10)
  3 orcs (D:10)
6 creatures vanquished.

Vanquished Creatures (others)
  A deep elf knight (D:11)
  An orc warrior (D:10)
  2 orc priests (D:10)
  An iguana (D:10)
  A river rat (Lair:6)
  An orc (D:10)
  4 fungi
  6 plants
17 creatures vanquished.

Grand Total: 643 creatures vanquished

Notes
Turn   | Place    | Note
--------------------------------------------------------------
     0 | D:1      | shmeve the Minotaur Berserker began the quest for the Orb.
     0 | D:1      | Reached XP level 1. HP: 19/19 MP: 0/0
    99 | D:1      | Reached XP level 2. HP: 17/27 MP: 1/1
   350 | D:1      | Reached ** piety under Trog
   492 | D:1      | Reached XP level 3. HP: 30/33 MP: 2/2
   899 | D:2      | Reached XP level 4. HP: 39/41 MP: 3/3
  1064 | D:2      | Reached *** piety under Trog
  1655 | D:3      | Reached skill level 5 in Axes
  1720 | D:3      | Noticed Grinder
  1732 | D:3      | Killed Grinder
  1732 | D:3      | Reached skill level 5 in Fighting
  1732 | D:3      | Reached XP level 5. HP: 31/49 MP: 4/4
  1732 | D:3      | Reached XP level 6. HP: 36/56 MP: 5/5
  1931 | D:3      | Found a blossoming altar of Fedhas.
  1932 | D:3      | Noticed Natasha
  1937 | D:3      | Killed Natasha
  2020 | D:3      | Noticed Jessica
  2031 | D:3      | Killed Jessica
  2195 | D:3      | Noticed Natasha
  2204 | D:3      | Killed Natasha
  2256 | D:3      | Noticed Natasha
  2261 | D:3      | Killed Natasha
  2633 | D:4      | Found an iron altar of Okawaru.
  2686 | D:4      | Reached XP level 7. HP: 64/64 MP: 6/6
  2697 | D:4      | Found a staircase to the Ecumenical Temple.
  2750 | D:4      | Found a deep blue altar of Sif Muna.
  2947 | D:4      | Found a radiant altar of Vehumet.
  3338 | D:4      | Reached skill level 1 in Shields
  3645 | D:5      | Entered Level 5 of the Dungeon
  3702 | D:5      | Found a basalt altar of Yredelemnul.
  3766 | D:5      | Noticed Crazy Yiuf
  3770 | D:5      | Paralysed by Crazy Yiuf for 2 turns
  3775 | D:5      | Killed Crazy Yiuf
  3857 | D:5      | Reached **** piety under Trog
  3862 | D:5      | Noticed fish's ghost (amateur MfSu)
  3867 | D:5      | Killed fish's ghost
  3867 | D:5      | Reached skill level 5 in Shields
  3867 | D:5      | Reached XP level 8. HP: 71/71 MP: 7/7
  4056 | D:5      | Found an opulent altar of Gozag.
  4329 | D:5      | Found a sacrificial altar of Ru.
  4707 | D:6      | Noticed Menkaure
  4716 | D:6      | Killed Menkaure
  5184 | D:7      | Found a shadowy altar of Dithmenos.
  5201 | D:7      | Reached skill level 5 in Armour
  5365 | D:7      | Found a snail-covered altar of Cheibriados.
  5424 | D:7      | Found Gefux's Distillery.
  5432 | D:7      | Bought a potion of curing for 33 gold pieces
  5432 | D:7      | Bought a potion of heal wounds for 55 gold pieces
  5432 | D:7      | Bought a potion of heal wounds for 55 gold pieces
  5441 | D:7      | Reached XP level 9. HP: 56/79 MP: 8/8
  5784 | D:8      | Found a bloodstained altar of Trog.
  5794 | D:8      | Reached skill level 5 in Dodging
  5856 | D:8      | Found Mecs's Merry Market.
  5962 | D:8      | Found a burning altar of Makhleb.
  6080 | D:8      | Found an oddly glowing altar of Pakellas.
  6244 | D:9      | Noticed a cyclops
  6245 | D:9      | Noticed a green ugly thing
  6255 | D:9      | Killed a cyclops
  6257 | D:9      | Killed a green ugly thing
  6386 | D:9      | Noticed Gastronok
  6398 | D:9      | Killed Gastronok
  6398 | D:9      | Reached skill level 10 in Shields
  6398 | D:9      | Reached XP level 10. HP: 90/92 MP: 9/9
  6535 | D:9      | Found an opulent altar of Gozag.
  6758 | D:9      | Found a stormy altar of Qazlal.
  7044 | D:10     | Entered Level 10 of the Dungeon
  7044 | D:10     | Noticed Maud
  7057 | D:10     | Killed Maud
  7057 | D:10     | Reached skill level 10 in Fighting
  7057 | D:10     | Reached skill level 10 in Axes
  7236 | D:10     | Reached ***** piety under Trog
  7245 | D:10     | Found a staircase to the Orcish Mines.
  7262 | D:10     | Reached XP level 11. HP: 68/101 MP: 10/10
  7447 | D:10     | Noticed woodrow's ghost (journeyman GrWz)
  7474 | D:10     | Killed woodrow's ghost
  7573 | D:10     | Noticed Nergalle
  7603 | D:10     | Killed Nergalle
  7667 | D:10     | Found an ancient bone altar of Kikubaaqudgha.
  8034 | D:11     | Found a flagged portal.
  8057 | Bailey   | Entered a bailey
  8058 | Bailey   | Noticed RighteousDevil's ghost (novice DsMo)
  8068 | Bailey   | Killed RighteousDevil's ghost
  8165 | Bailey   | Received a gift from Trog
  8727 | D:11     | Noticed a hill giant
  8735 | D:11     | Killed a hill giant
  8766 | D:11     | Found a staircase to the Lair.
  8804 | D:11     | Noticed Blork the orc
  8807 | D:11     | Noticed Erica
  8811 | D:11     | Killed Blork the orc
  8812 | D:11     | Noticed a deep elf knight
  8812 | D:11     | Noticed an orc knight
  8817 | D:11     | Noticed Harold
  8825 | D:11     | Killed a deep elf knight
  8831 | D:11     | Killed an orc knight
  8837 | D:11     | Killed Erica
  8859 | D:11     | Killed Harold
  9229 | Lair:1   | Entered Level 1 of the Lair of Beasts
  9264 | Lair:1   | Noticed Joseph
  9276 | Lair:1   | Killed Joseph
  9291 | Lair:1   | Reached XP level 12. HP: 103/112 MP: 11/11
  9317 | Lair:1   | Received a gift from Trog
  9465 | Lair:1   | Noticed Urug
  9479 | Lair:1   | Killed Urug
  9911 | Lair:2   | Received a gift from Trog
 10004 | Lair:2   | Noticed a five-headed hydra
 10010 | Lair:2   | Killed a two-headed hydra
 10039 | Lair:2   | Found a labyrinth entrance.
 10044 | Lab      | Entered a labyrinth
 10922 | Lab      | Noticed a minotaur
 10930 | Lab      | Killed a minotaur
 10937 | Lab      | Got an ichor-stained broad axe
 10938 | Lab      | Identified the +9 broad axe of a sewer {chop, *Noise MR- Dex+8 SInv} (You found it in a labyrinth)
 10963 | Lair:2   | Noticed a six-headed hydra
 10970 | Lair:2   | Killed an 11-headed hydra
 11530 | Lair:3   | Found a dark tunnel.
 12203 | Lair:4   | Received a gift from Trog
 12206 | Lair:4   | Got a blackened hand axe {god gift}
 12214 | Lair:4   | Identified the +8 hand axe of Hexoru Gaarr {vamp, *Confuse rElec rF+} (Trog gifted it to you on level 4 of the Lair of Beasts)
 12411 | Lair:4   | Reached XP level 13. HP: 122/122 MP: 12/12
 13229 | Lair:5   | Found a hole to the Spider Nest.
 13337 | Lair:5   | Reached ****** piety under Trog
 13962 | Lair:6   | Found a frozen archway.
 13966 | Lair:6   | Received a gift from Trog
 13967 | Lair:6   | Reached skill level 10 in Armour
 14252 | Lair:6   | Found a staircase to the Shoals.
 14504 | Lair:6   | Noticed Josephine
 14515 | Lair:6   | Killed Josephine
 14684 | Lair:6   | Identified a scroll of acquirement
 14686 | Lair:6   | Found a staircase to the Slime Pits.
 14794 | Lair:7   | Found a shattered altar of Ashenzari.
 15466 | Lair:7   | You fall through a shaft!
 15466 | Lair:8   | Entered Level 8 of the Lair of Beasts
 15534 | Lair:8   | Reached XP level 14. HP: 133/133 MP: 13/13
 15672 | Lair:8   | Received a gift from Trog
 15711 | Lair:8   | Reached skill level 15 in Shields
 15807 | Lair:8   | Reached skill level 15 in Axes
 15814 | Lair:8   | Reached skill level 15 in Fighting
 15947 | Lair:8   | Reached skill level 10 in Dodging
 16145 | Lair:8   | HP: 6/135 [12-headed hydra (4)]
 16145 | Lair:8   | HP: 2/135 [12-headed hydra (4)]
 16145 | Lair:8   | Slain by a 12-headed hydra

Skill      XL: |  1  2  3  4  5  6  7  8  9 10 11 12 13 14 |
---------------+-------------------------------------------+-----
Axes           | 4 5 6 7 9 10 11 13 14 15 | 15.4
Fighting       | 4 5 6 7 9 10 11 13 14 15 | 15.3
Armour         | 3 4 5 6 7 8 9 10 11 | 11.2
Dodging        | 3 4 6 7 8 9 10 | 10.1
Shields        | 5 8 10 12 13 14 15 | 15.5

Action                   |  1- 3 |  4- 6 |  7- 9 | 10-12 | 13-15 || total
-------------------------+-------+-------+-------+-------+-------++-------
Melee: Hand axe          |    69 |    78 |       |    28 |   626 ||   801
       Headbutt          |    12 |    24 |    54 |   151 |   228 ||   469
       War axe           |       |    27 |   226 |    54 |       ||   307
       Broad axe         |       |       |       |   482 |       ||   482
Invok: Trog's Hand       |       |     5 |     3 |     7 |     1 ||    16
       Berserk           |       |     1 |     6 |     7 |     4 ||    18
       Brothers in Arms  |       |       |       |     1 |       ||     1
       Burn Spellbooks   |       |       |       |     3 |       ||     3
Evoke: Wand              |       |       |       |     3 |       ||     3
  Use: Potion            |       |       |       |     5 |       ||     5
       Scroll            |       |       |       |    20 |     6 ||    26
 Stab: Sleeping          |     2 |     2 |       |       |       ||     4
       Petrified         |       |       |       |       |     1 ||     1
  Eat: Chunk             |       |     7 |    16 |    26 |     8 ||    57
       Royal jelly       |       |       |     1 |     1 |       ||     2
       Pizza             |       |       |       |     3 |       ||     3
       Fruit             |       |       |       |     4 |       ||     4
       Meat ration       |       |       |       |     1 |     1 ||     2
Armor: Animal skin       |    10 |     9 |       |       |       ||    19
       Chain mail        |       |    15 |   104 |   296 |    52 ||   467
       Crystal plate arm |       |       |       |       |   479 ||   479
Dodge: Dodged            |    45 |    66 |   105 |   388 |   289 ||   893
Block: Buckler           |       |       |    55 |   215 |       ||   270
       Shield            |       |       |       |    70 |   476 ||   546
